Unix NetHack Version 5.0.0-0 post-release - last build May 17 2026 04:57:42 (dc50c8380fa5e20985bfe3072449f57b8d9895ef,branch:main).

Game began 2026-05-21 15:50:35, ended 2026-05-21 16:04:53.

Brudee, neutral female human Tourist

          ----                ----
         --..----             |..----
         |....|.--            |.....------------------
        --.......|            ---....................----
        |....-----           ------...--..-------.|.....--              ----
       --....|              --.-- --.......| -------.....--             |..--
--------.....--             |...|  --.....<--|..|  ----...|         -----...|
|.......-.--..----          |...----|.......---.--    |...|       ---......--
|................---        |....|.----......---.|    |..-|      --........|
-------.-----......-------- --.......||...[......-------..|      |..--.....|
     --.........--....|-.>------.....----.........|..----.|      ------....|
    --.----.....-----.|...............| --.......|....| |.----       --....--
  ---...|..........||.|....------....------.....---...| |....---------......--
 --................-|......|    ---.......|)....--|-..------.................|
 |..................-----..--    |...----G@f[....|-....| |....---------...|.--
 |...................|  |...|    --...--.-......-|.....--|....|       |..----
 --........|.---.....-- --.--     |..........|.---......----.--       --.--
  ---....----- |......|  ---      --.........|...........| ---         |..|
    ------     |......|            |.........|---........|             ----
               ---.|.--            ---..--.---  ---.|.----
                 -----               -------      -----
Brudee the Sightseer        St:11 Dx:9 Co:13 In:12 Wi:13 Ch:17  Neutral S:554
Dlvl:6  $:2  HP:0(30) Pw:10(10) AC:2  Xp:3/76 T:1229  Satiated Burdened

Latest messages:
 In what direction? n
 The dart misses the gnome.
 It bites the gnome.
 The gnome misses it.
 It bites the gnome.
 The gnome misses it.
 The gnome misses!
 In what direction? n
 The dart misses the gnome.
 It misses the gnome.
 The gnome hits!
 It misses the gnome.
 In what direction? n
 The dart misses the gnome.
 It bites the gnome.
 The gnome is killed!
 Sparky eats a gnome corpse.
 In what direction? n
 The dart misses Sparky.
 You have a little trouble lifting a - 4 +2 darts (at the ready) (15 in total).
 You see here 2 red gems.
 Sparky drops a corroded pair of hard shoes.
 Sparky bites it.
 It misses Sparky.
 Sparky bites it.
 Sparky grows up into a housecat.
 You see here a corroded pair of hard shoes.
 Sparky eats a tripe ration.
 You see here 2 red gems.
 You have a little trouble lifting L - 2 red gems.
 You hear a D flat squeak in the distance.
 A dagger misses you.
 You see here a dagger.
 You hear some noises.
 It bites the dwarf.
 The dwarf is killed!
 In what direction? h
 The dart misses the gnome lord.
 The gnome lord hits!
 In what direction? h
 The dart hits the gnome lord.
 In what direction? h
 The dart hits the gnome lord!
 The gnome lord hits!
 In what direction? h
 The dart hits the gnome lord.
 The gnome lord hits!
 You die...
 Do you want your possessions identified? [ynq] (y) y
 Do you want to see your attributes? [ynq] (y) q

Inventory:
 Coins    ('$')
  $ - 2 gold pieces
 Weapons  (')')
  a - 11 +2 darts (at the ready)
  z - a +0 spear
 Armor    ('[')
  I - an uncursed +0 dwarvish iron helm (being worn)
  K - an uncursed +0 dwarvish roundshield (being worn)
  m - an uncursed +0 Hawaiian shirt with a bird of paradise motif (being worn)
  v - an uncursed +0 scale mail (being worn)
 Comestibles  ('%')
  f - 2 uncursed cram rations
  h - 3 uncursed cream pies
  e - an uncursed eucalyptus leaf
  d - 2 uncursed food rations
  H - an uncursed lembas wafer
  g - 3 uncursed pears
  c - 2 uncursed tripe rations
 Scrolls  ('?')
  B - an uncursed scroll of amnesia
  C - a cursed scroll of fire
  l - a blessed scroll of magic mapping
  k - an uncursed scroll of magic mapping
 Potions  ('!')
  y - 2 blessed potions of healing
  p - 3 uncursed potions of healing
  q - an uncursed potion of sleeping
  E - a potion of holy water
  D - 2 uncursed potions of water
 Wands    ('/')
  r - a wand of cold (0:8)
  u - a wand of sleep (0:8)
 Tools    ('(')
  o - an uncursed credit card
  n - an expensive camera (0:94)
  w - a cursed wax candle
 Gems/Stones  ('*')
  x - an uncursed agate stone
  s - an uncursed worthless piece of orange glass
  L - 2 uncursed worthless pieces of red glass

Brudee the Tourist's attributes:

Background:
 You were a Sightseer, a level 3 female human Tourist.
 You were neutral, nominally on a mission for The Lady
 who was opposed by Blind Io (lawful) and Offler (chaotic).
 You were right-handed.
 You were in the Gnomish Mines, on level 6.
 You entered the dungeon 1229 turns ago.
 You had 76 experience points, 4 more were needed to attain level 4.
 Your score was 554 before end-of-game adjustments.

Basics:
 You had 0 out of 30 hit points.
 You had all 10 energy points (spell power).
 Your armor class was 2.
 Your wallet contained 2 zorkmids.
 Autopickup was on for '$!=+?/"' plus thrown.

Final Characteristics:
 Your strength was 11 (limit:18/100).
 Your dexterity was 9 (limit:18).
 Your constitution was 13 (limit:18).
 Your intelligence was 12 (limit:18).
 Your wisdom was 13 (limit:18).
 Your charisma was 17 (limit:18).

Final Status:
 You were satiated.
 You were burdened; movement was slightly slowed.
 You were bare handed.
 You were unskilled in bare handed combat.

Final Attributes:
 You were stridently aligned.
 You were telepathic.
 You were warded.
 You are dead.

Miscellaneous:
 You didn't encounter any bones levels.
 Total elapsed playing time was 14 minutes and 17 seconds.

Major events:
 Turn
    1: Brudee the neutral female human Tourist entered the dungeon
  768: attained the rank of Sightseer (level 3)
 1118: entered the Gnomish Mines
 1229: killed by a gnome lord

You didn't know any spells.

Skills:
 Fighting Skills
   bare handed combat [Unskilled]
   two weapon combat  [Unskilled]
   riding             [Unskilled]
 Weapon Skills
   dagger             [Unskilled]
   knife              [Unskilled]
   axe                [Unskilled]
   pick-axe           [Unskilled]
   short sword        [Unskilled]
   broadsword         [Unskilled]
   long sword         [Unskilled]
   two-handed sword   [Unskilled]
   saber              [Unskilled]
   mace               [Unskilled]
   morning star       [Unskilled]
   flail              [Unskilled]
   hammer             [Unskilled]
   quarterstaff       [Unskilled]
   polearms           [Unskilled]
   spear              [Unskilled]
   trident            [Unskilled]
   lance              [Unskilled]
   bow                [Unskilled]
   sling              [Unskilled]
   crossbow           [Unskilled]
   dart               [Basic]
   shuriken           [Unskilled]
   boomerang          [Unskilled]
   whip               [Unskilled]
   unicorn horn       [Unskilled]
 Spellcasting Skills
   divination spells  [Unskilled]
   enchantment spells [Unskilled]
   escape spells      [Unskilled]

Voluntary challenges:
 Character rerolling was not enabled.
 You were an atheist.
 You never hit with a wielded weapon.
 You never genocided any monsters.
 You never polymorphed an object.
 You never changed form.
 You used no wishes.
Achievements:
 You attained the rank of Sightseer.
 You entered a shop.
 You entered the Gnomish Mines.

 The Dungeons of Doom: levels 1 to 4
    Level 1:
    Level 2:
       A fountain.
    Level 3:
    Level 4:
       A food shop.
       Stairs down to The Gnomish Mines.
 The Gnomish Mines: levels 5 to 6
    Level 5:
    Level 6: <- You were here.
       Final resting place for
          you, killed by a gnome lord.


Vanquished creatures:
  2 shriekers
  a gnome leader
  3 dwarves
  a homunculus
  a hobbit
  a cave spider
  a red mold
  4 gnomes
  a gecko
  a kobold
  2 sewer rats
  a grid bug
  3 lichens
  a kobold zombie
  3 newts
26 creatures vanquished.

No species were genocided or became extinct.

Game over:
                       ----------
                      /          \
                     /    REST    \
                    /      IN      \
                   /     PEACE      \
                  /                  \
                  |      Brudee      |
                  |       2 Au       |
                  |   killed by a    |
                  |    gnome lord    |
                  |                  |
                  |                  |
                  |       2026       |
                 *|     *  *  *      | *
        _________)/\\_//(\/(/\)/\//\/|_)_______

Aloha Brudee the Tourist...

You died in The Gnomish Mines on dungeon level 6 with 554 points,
and 2 pieces of gold, after 1229 moves.
You were level 3 with a maximum of 30 hit points when you died.

